 Dungeon Sprint DCSS version 0.28.0-45-g0d030f2227 (webtiles) character file.

Game seed: 10667207730820582010

665 McKennaii the Fighter (level 7, -9/105 HPs)
             Began as a Demigod Fighter on Apr 18, 2022.
             Mangled by a wyvern (15 damage)
             ... in the Dungeon (Sprint II: "The Violet Keep of Menkaure").
             The game lasted 00:02:36 (1032 turns).

McKennaii the Fighter (Demigod Fighter)             Turns: 1032, Time: 00:02:37

Health: -9/105     AC:  8    Str: 25    XL:     7   Next: 9%
Magic:  9/9        EV:  9    Int: 10    God:
Gold:   486        SH:  4    Dex: 13    Spells: 6/6 levels left

rFire   . . .      SeeInvis .   a - +0 trident
rCold   . . .      Faith    .   c - +0 buckler
rNeg    . . .      Spirit   .   b - +0 scale mail
rPois   .          Reflect  .   (no helmet)
rElec   .          Harm     .   (no cloak)
rCorr   .          Rampage  .   (no gloves)
Will    .....      NoTele   +   (no boots)
Stlth   ..........              (no amulet)
HPRegen 0.27/turn               (no ring)
MPRegen 0.11/turn               (no ring)

@: berserking, very quick
A: high MP 1, forlorn, divine attributes
a: no special abilities


You were in the Dungeon.
You visited 1 branch You collected 486 gold pieces.

Inventory:

Hand Weapons
 a - a +0 trident (weapon)
Armour
 b - a +0 scale mail (worn)
 c - a +0 buckler (worn)
Scrolls
 j - a scroll of blinking
Potions
 d - a potion of might
 e - a potion of curing
 f - a potion of heal wounds
 g - a potion of haste
 h - 2 potions of magic
 k - a potion of ambrosia {unknown}


   Skills:
 + Level 9.0 Fighting
 + Level 8.7 Polearms
 + Level 8.9 Armour
 - Level 2.6 Shields


You had 6 spell levels left.
You didn't know any spells.
Your spell library was empty.

Dungeon Overview and Level Annotations

Branches:
Dungeon (1/1)

Shops:
D !(:=!?([*(=:[=[

Annotations:
D exclusions: ice statue and oklob plant


Innate Abilities, Weirdness & Mutations

You have an increased reservoir of magic. (+10% MP)
You shall have no god before yourself.
Your divine heritage dramatically boosts your attributes as you level up.


Message History

There is an entrance to Kuiregg's Distillery here.
There is an entrance to Xaunedde's Jewellery Shop here.
There is an entrance to Xaod's Distillery here.
The slime creature quivers.
There is an entrance to Nostaz's Weapon Shop here.
You can access your shopping list by pressing '$'.
The slime creature quivers.
Two slime creatures merge to form a large slime creature.
There is an entrance to Doen's Magic Scroll Shop here.
There is an entrance to Xiuh's Jewellery Shop here.
Two slime creatures merge to form a very large slime creature.
There is an open door here.
You enter the shallow water.
Moving in this stuff is going to be slow.
You open the door.
Found 243 gold pieces.
The wyvern hisses angrily. x2
The wyvern bites you!
There is an open door, spattered with blood here.
You closely miss the wyvern. The wyvern bites you! The wyvern bites you.
A red film seems to cover your vision as you go berserk!
You feel yourself moving faster!
You feel mighty! The wyvern bites you! x2
The wyvern bites you but does no damage.
The wyvern bites you.
You closely miss the wyvern. The wyvern bites you!
* * * LOW HITPOINT WARNING * * *
The wyvern bites you but does no damage.
You closely miss the wyvern. The wyvern barely misses you.
You hit the wyvern.
The wyvern is moderately wounded.
The wyvern bites you.
* * * LOW HITPOINT WARNING * * *
You puncture the wyvern!
The wyvern is heavily wounded.
The wyvern barely misses you. The wyvern bites you!
* * * LOW HITPOINT WARNING * * *
You puncture the wyvern!
The wyvern is almost dead.
The wyvern bites you!
You die...

..∩.∩.∩.#≈##. ##†###.##..#
...∩.∩..#≈#..B##.####.#..#
....⌠...'≈+ #+.<.'.##'..###
........#≈#$.B##.##...#....###.
▓▓▓▓▓▓###≈##. #+###.##......≈≈
[hJ######≈≈####l#.####≈§..§..≈#
?.h#F ##÷≈≈#.# #.#≈≈≈≈≈≈§§.≈#
∩P[+. #'#≈##l#l##≈§≈≈≈≈≈§.≈#
)[. ? #.#≈≈##@##§≈≈≈§≈≈§§≈§#
####≈≈≈≈≈≈≈≈§§§§≈§§≈≈#
#+++#+++#§§§≈≈§≈§§# ≈≈≈≈≈
##§§≈###≈≈# ≈≈°○≈≈○≈≈##≈§#
+≈≈≈≈≈8≈°≈≈≈+≈≈#
##≈≈≈≈≈≈≈≈≈##≈≈§ ##○≈≈≈≈°≈## #
####+####


You could see an ice statue and 2 wyverns.

Vanquished Creatures
  A blink frog (D)
  Menkaure (D)
  4 necrophages (D)
  3 worms (D)
9 creatures vanquished.

Vanquished Creatures (others)
  A water moccasin (D)
1 creature vanquished.

Grand Total: 10 creatures vanquished

Notes
Turn   | Place    | Note
-------+----------+-------------------------------------------
     0 | D        | McKennaii the Demigod Fighter began the quest for the Orb.
     0 | D        | Reached XP level 1. HP: 18/18 MP: 3/3
     3 | D        | Noticed a boulder beetle
     3 | D        | Noticed a boulder beetle
     7 | D        | Noticed a wyvern
     7 | D        | Noticed a wyvern
    22 | D        | Reached skill level 3 in Fighting
    25 | D        | Killed a water moccasin
   268 | D        | Reached XP level 2. HP: 6/26 MP: 4/4
   509 | D        | Noticed a necrophage
   509 | D        | Noticed a necrophage
   509 | D        | Noticed a necrophage
   509 | D        | Noticed a necrophage
   519 | D        | Killed a necrophage
   520 | D        | Reached skill level 5 in Fighting
   520 | D        | Reached skill level 5 in Armour
   520 | D        | Reached XP level 3. HP: 20/36 MP: 5/5
   520 | D        | Reached XP level 4. HP: 24/42 MP: 6/6
   526 | D        | Killed a necrophage
   527 | D        | Reached skill level 6 in Fighting
   527 | D        | Reached XP level 5. HP: 28/51 MP: 7/7
   536 | D        | Killed a necrophage
   537 | D        | Reached skill level 7 in Fighting
   547 | D        | Killed a necrophage
   548 | D        | Reached XP level 6. HP: 21/61 MP: 8/8
   758 | D        | Noticed an ice statue
   763 | D        | Found Xiuh's Jewellery Shop.
   763 | D        | Found Guitsig's Antique Armour Shop.
   764 | D        | Found Wani's Assorted Antiques.
   764 | D        | Found Soenaar's Antique Weapon Boutique.
   765 | D        | Noticed a blink frog
   781 | D        | Killed a blink frog
   782 | D        | Reached skill level 8 in Fighting
   960 | D        | Found Biegap's Antique Armour Boutique.
   960 | D        | Found Niyboa's Antique Armour Shop.
   960 | D        | Found Ingollowk's Antique Weapon Shop.
   962 | D        | Found Doen's Magic Scroll Shop.
   962 | D        | Found Kuiregg's Distillery.
   962 | D        | Found Panal's Jewellery Boutique.
   962 | D        | Noticed a slime creature
   963 | D        | Found Povvenem's Book Boutique.
   965 | D        | Found Xaunedde's Jewellery Shop.
   965 | D        | Noticed Menkaure
   965 | D        | Noticed a slime creature
   965 | D        | Noticed a slime creature
   965 | D        | Noticed an oklob plant
   966 | D        | Found Nostaz's Weapon Shop.
   966 | D        | Found Xaod's Distillery.
   966 | D        | Found Iklom's Book Shoppe.
   980 | D        | Killed Menkaure
   981 | D        | Reached skill level 9 in Fighting
   981 | D        | Reached XP level 7. HP: 50/70 MP: 9/9
   981 | D        | Noticed a hell hog
   981 | D        | Noticed a hell hog
   996 | D        | Noticed a cane toad
  1032 | D        | Mangled by a wyvern

Illustrated notes

Levels and vault maps discovered:
D:        the_violet_keep_of_menkaure [sprint2_stairs_cluster_1,
          sprint2_shoproom, sprint2_temple, sprint2_basic_supplies,
          sprint2_obstacle_2, sprint2_obstacle_7, sprint2_obstacle_5,
          sprint2_obstacle_4, sprint2_obstacle_3, sprint2_timed_cluster_1,
          sprint2_smallroom_cluster_1, sprint2_smallroom_final_cluster_1,
          sprint2_transparent_cluster_1, sprint2_second_timed_cluster_1,
          sprint2_sniper_area_1, sprint2_heavy_combat_area_1,
          sprint2_mutation_trap_area_1, sprint2_forest_area_1,
          sprint2_light_combat_area_1, sprint2_behind_water_1,
          sprint2_near_end_vault_1]

Skill      XL: |  1  2  3  4  5  6 |
---------------+-------------------+-----
Fighting       | 3 5 6 7 9 |  9.0
Polearms       | 2 4 6 7 8 |  8.7
Armour         | 3 5 6 7 8 |  8.9
Shields        | |  2.6

Action                   |  1- 3 |  4- 6 |  7- 9 || total
-------------------------+-------+-------+-------++-------
Melee: Trident           |    31 |    46 |     6 ||    83
  Use: Potion            |       |       |     1 ||     1
Armor: Scale mail        |     5 |    14 |     2 ||    21
Dodge: Dodged            |     6 |    16 |     2 ||    24
Block: Buckler           |     2 |     4 |       ||     6
